Workbook

Sheet Operator Initiated Applications
A1: Regulator | B1: Programme Driver | C1: Site Name | D1: FE Permit Number | E1: Storm Permit Number | F1: PAN # | G1: Allocated Officer | H1: Is further information required Y/N. | I1: Is the request related to the specific driver/applicaion Y/N | J1: What is the Request (limit to 100 words) | K1: Type of Request | L1: Date further info requested | M1: Deadline for further information | N1: Does information meet NRW requirements Y/N | O1: Request Status | P1: Is the application "duly Made" Y/N | Q1: If duly made is the request part of a formal Schedule 5? | R1: Any further permit conditions to be reviewed by NRW Y/N | S1: If Yes what condition's were reviewed | T1: Is further information required for these | U1: Comments
A2: NRW | B2: AGA Support | C2: Treborth WwTW UV (AD-MAD) | D2: CG0366001 | E2: N/A | O2: Open
A3: NRW | B3: UCSO | C3: Mill Street Usk SPS (CSO/EO) | D3: New permit | E3: N/A
A4: NRW | B4: AGA Support | C4: Ffarmers STW | D4: BN0077501 | E4: N/A
A5: NRW | B5: water | C5: Pendine WTW | D5: BP0231603 and BP0118601 | E5: N/A | F5: PAN-021481 | G5: Helen | H5: Y | I5: Y | J5: Please provide what type of outfall there is at the discharge location, and outline what type of scour mitigation is at the discharge point | L5: 45354 | M5: 45368 | O5: Open | P5: N
A6: NRW | B6: OSM | C6: Penybont WTW | D6: CG0174901 | E6: N/A
A7: NRW | B7: water | C7: Canaston Bridge WPS | D7: N/A | E7: N/A
A8: NRW | B8: BGA Support | C8: Eastern District Pumped CSO | D8: AN0308501 & AN0308601 | E8: N/A
A9: NRW | B9: water | C9: Alwen WTW RTW | D9: CM0128001 | E9: N/A | F9: PAN-020530 | G9: Dauncey | H9: Y | I9: Y | J9: Please provide what type of outfall there is at the discharge location, and outline what type of scour mitigation is at the discharge point | L9: 45354 | M9: 45368 | O9: Open | P9: N
A10: NRW | B10: water | C10: Bretton WTW RTW | D10: CM0230001 | E10: N/A | F10: PAN-020531 | G10: Dauncey | H10: Y | I10: Y | M10: 45736
A11: NRW | B11: water | C11: Llidiardau Bala WTW RTW | D11: CG0354201 | E11: N/A | F11: PAN-020560 | G11: Helen | H11: Y | I11: Y | J11: Please provide what type of outfall there is at the discharge location, and outline what type of scour mitigation is at the discharge point | L11: 45354 | M11: 45368 | O11: Open | P11: N
A12: NRW | B12: water | C12: Llechryd WTW RTW | D12: BP0251001 | E12: N/A | F12: PAN-020592 | G12: Dulson | H12: Y | I12: Y | M12: 45736
A13: NRW | B13: water | C13: Brecon BH WTW RTW | D13: New Permit | E13: N/A | F13: PAN-020605 | G13: Dulson | H13: N
A14: NRW | B14: water | C14: Cantref WTW RTW | D14: New Permit | E14: N/A | F14: PAN-020675 | G14: Dulson | H14: Y | I14: Y | M14: 45736
A15: NRW | B15: water | C15: Llwynon WTW RTW | D15: AN0247201 | E15: N/A | F15: PAN-020689 | G15: Dulson | H15: Y | I15: Y | M15: 45736
A16: NRW | B16: water | C16: Garndolbenmaen WTW RTW | D16: CG0173801 | E16: N/A | F16: PAN-020690 | G16: Helen | H16: Y | I16: Y | J16: Please provide what type of outfall there is at the discharge location, and outline what type of scour mitigation is at the discharge point | L16: 45354 | M16: 45368 | O16: Open | P16: N
A17: NRW | B17: water | C17: Strata Florida WTW RTW | D17: BP0118401 | E17: N/A | F17: PAN-020864 | G17: Dulson | H17: Y | I17: Y | M17: 45736
A18: NRW | B18: water | C18: Bontgoch WTW RTW | D18: CG0046001 | E18: N/A | F18: PAN-020865 | G18: Dulson | H18: Y | I18: Y | M18: 45736
A19: NRW | B19: water | C19: Maerdy WTW RTW | D19: AF3002901 | E19: N/A | F19: PAN-020873 | G19: Dulson | H19: Y | I19: Y | M19: 45736
A20: NRW | B20: water | C20: Hirwaun WTW RTW | D20: New Permit | E20: N/A | F20: PAN-020874 | G20: Dulson | H20: Y | I20: Y | M20: 45736
A21: NRW | B21: energy | C21: Five Fords WwTW (IED Permit) | D21: AP3191FT | E21: N/A
A22: NRW | B22: water | C22: Eithinfynydd WTW RTW | D22: CG0133101 | E22: N/A | F22: PAN-020957 | G22: Helen | H22: Y | I22: Y | J22: Please provide what type of outfall there is at the discharge location, and outline what type of scour mitigation is at the discharge point | L22: 45354 | M22: 45368 | O22: Open | P22: N
A23: NRW | B23: water | C23: Ffynnon Gaer WTW RTW | D23: New Permit | E23: N/A | F23: PAN-021009 | G23: Dauncey | H23: Y | I23: Y | M23: 45736
A24: NRW | B24: water | C24: Felindre WTW RTW | D24: BC0011902 | E24: N/A | F24: PAN-021018 | G24: Dauncey | H24: Y | I24: Y | M24: 45736
A25: NRW | B25: water | C25: Elan Valley WTW RTW | D25: AN0184701 | E25: N/A | F25: PAN-021052 | G25: Dulson | H25: Y | I25: Y | M25: 45736
A26: NRW | B26: water | C26: Llyswen WTW RTW | D26: AW4003501 | E26: N/A | F26: PAN-021073 | G26: Dulson | H26: Y | I26: Y | M26: 45736
A27: NRW | B27: water | C27: Cwellyn WTW RTW | D27: New Permit | E27: N/A | F27: PAN-021197 | G27: Dauncey | H27: Y | I27: Y | J27: Please provide what type of outfall there is at the discharge location, and outline what type of scour mitigation is at the discharge point | L27: 45354 | M27: 45368 | O27: Open | P27: N
A28: NRW | B28: water | C28: Penybont WTW RTW | D28: CG0174901 | E28: N/A | F28: PAN-021198 | G28: Helen | H28: Y | I28: Y | J28: Please provide what type of outfall there is at the discharge location, and outline what type of scour mitigation is at the discharge point | L28: 45354 | M28: 45368 | O28: Open | P28: N
A29: NRW | B29: water | C29: Cilfor WTW RTW | D29: CG0353601 | E29: N/A | F29: PAN-021250 | G29: Helen | H29: Y | I29: Y | J29: Please provide what type of outfall there is at the discharge location, and outline what type of scour mitigation is at the discharge point | L29: 45354 | M29: 45368 | O29: Open | P29: N
A30: NRW | B30: water | C30: Gwastadgoed WTW RTW | D30: CG0397801 | E30: N/A | F30: PAN-021230 | G30: Helen | H30: Y | I30: Y | J30: Please provide what type of outfall there is at the discharge location, and outline what type of scour mitigation is at the discharge point | L30: 45354 | M30: 45368 | O30: Open | P30: N
A31: NRW | B31: water | C31: Penycefn WTW RTW | D31: CG0054602 | E31: N/A | F31: PAN-021234 | G31: Helen | H31: Y | I31: Y | J31: Please provide what type of outfall there is at the discharge location, and outline what type of scour mitigation is at the discharge point | L31: 45354 | M31: 45368 | O31: Open | P31: N
A32: NRW | B32: water | C32: Cwmtillery WTW RTW | D32: AC0091501 | E32: N/A | F32: PAN-021233 | G32: Dulson | H32: Y | I32: Y | M32: 45736
A33: NRW | B33: water | C33: Court Farm WTW RTW | D33: AA0031401 | E33: N/A | F33: PAN-021232 | G33: Dauncey | H33: Y | I33: Y | M33: 45736
A34: NRW | B34: water | C34: Talybont WTW RTW | D34: AN0171901 | E34: N/A | F34: PAN-021231 | G34: Dulson | H34: Y | I34: Y | M34: 45736
A35: NRW | B35: water | C35: Bryngwyn WTW RTW | D35: BC0014501 | E35: N/A | F35: PAN-021237 | G35: Helen | H35: Y | I35: Y | J35: Please provide what type of outfall there is at the discharge location, and outline what type of scour mitigation is at the discharge point | L35: 45354 | M35: 45368 | O35: Open | P35: N
A36: NRW | B36: water | C36: Crai WTW RTW | D36: BP0230801 | E36: N/A | F36: PAN-021243 | G36: Dulson | H36: Y | I36: Y | M36: 45736
A37: NRW | B37: water | C37: Cefn Dryscoed WTW RTW | D37: New Application | E37: N/A | F37: PAN-021246 | G37: Dulson | H37: Y | I37: Y | M37: 45736
A38: NRW | B38: water | C38: Capel Curig WTW RTW | D38: CG0176201 & CG0318801 | E38: N/A | F38: PAN-021253 | G38: Dauncey | H38: Y | I38: Y | J38: Please provide what type of outfall there is at the discharge location, and outline what type of scour mitigation is at the discharge point | L38: 45354 | M38: 45368 | O38: Open | P38: N
A39: NRW | B39: water | C39: Cwm Dulyn WTW RTW | D39: CG0174101 | E39: N/A | F39: PAN-021256 | G39: Dauncey | H39: Y | I39: Y | J39: Please provide what type of outfall there is at the discharge location, and outline what type of scour mitigation is at the discharge point | L39: 45354 | M39: 45368 | O39: Open | P39: N
A40: NRW | B40: water | C40: Rhiwgoch WTW RTW | D40: New Application | E40: N/A | F40: PAN-021308 | G40: Helen | H40: Y | I40: Y | J40: Please provide what type of outfall there is at the discharge location, and outline what type of scour mitigation is at the discharge point | L40: 45354 | M40: 45368 | O40: Open | P40: N
A41: NRW | B41: water | C41: Garreglwyd WTW RTW | D41: CG0136201 | E41: N/A | F41: PAN-021304 | G41: Helen | H41: Y | I41: Y | J41: Please provide what type of outfall there is at the discharge location, and outline what type of scour mitigation is at the discharge point | L41: 45354 | M41: 45368 | O41: Open | P41: N
A42: NRW | B42: water | C42: Llyn Conwy WTW RTW | D42: CG0175301 | E42: N/A | F42: PAN-021319 | G42: Dauncey | H42: Y | I42: Y | J42: Please provide what type of outfall there is at the discharge location, and outline what type of scour mitigation is at the discharge point | L42: 45354 | M42: 45368 | O42: Open | P42: N
A43: NRW | B43: water | C43: Capel Dewi WTW RTW | D43: BP0087602 | E43: N/A | F43: PAN-021407 | G43: Helen | H43: Y | I43: Y | J43: Please provide what type of outfall there is at the discharge location, and outline what type of scour mitigation is at the discharge point | L43: 45354 | M43: 45368 | O43: Open | P43: N
A44: NRW | B44: water | C44: Preseli WTW RTW | D44: BP0118501 | E44: N/A | F44: PAN-021408 | G44: Helen | H44: Y | I44: Y | J44: Please provide what type of outfall there is at the discharge location, and outline what type of scour mitigation is at the discharge point | L44: 45354 | M44: 45368 | O44: Open | P44: N
A45: NRW | B45: water | C45: Dinas Mawddwy WTW RTW | D45: CG0352401 | E45: N/A | F45: PAN-021409 | G45: Helen | H45: Y | I45: Y | J45: Please provide what type of outfall there is at the discharge location, and outline what type of scour mitigation is at the discharge point | L45: 45354 | M45: 45368 | O45: Open | P45: N
A46: NRW | B46: water | C46: Glascoed WTW RTW | D46: CG0349301 | E46: N/A | F46: PAN-021556 | G46: Helen | H46: Y | I46: Y | J46: Please provide what type of outfall there is at the discharge location, and outline what type of scour mitigation is at the discharge point | L46: 45354 | M46: 45368 | O46: Open | P46: N
A47: NRW | B47: water | C47: Builth Wells WTW RTW | D47: New Application | E47: N/A | F47: PAN-021560 | G47: Dauncey | H47: Y | I47: Y | M47: 45736
A48: NRW | B48: water | C48: Pilleth WTW RTW | D48: New Application | E48: N/A | F48: PAN-021630 | G48: Dulson | H48: Y | I48: Y | M48: 45736
A49: EA | B49: project | C49: Tarrington 3rd Party Wetlands | D49: AH1003701 | E49: N/A
A50: NRW | B50: ops | C50: Rhuddlan WwTW | D50: CM0082501 | E50: N/A | H50: Y | I50: Y | J50: Request sent by email to Laura Davis and Mat Griffiths 07/09/2023. Application combined with UMON3/4 submission under PAN-020320. | K50: Type 1 | L50: 45176 | M50: 45190
A51: NRW | B51: ops | C51: Llanelli WwTW | D51: BP0252601 | E51: N/A
A52: NRW | B52: ops | C52: Gowerton WwTW | D52: BC0003001 | E52: N/A
A53: NRW | B53: ops | C53: Lavister WwTW | D53: CM0077501 | E53: N/A
A54: NRW | B54: ops | C54: Churton WwTW | D54: CM0029001 | E54: N/A
A55: NRW | B55: water | C55: Abergynolwyn WTW RTW | D55: CG0129201 | E55: N/A | F55: PAN-025288 | G55: Helen | H55: Y | I55: Y | J55: Please provide what type of outfall there is at the discharge location, and outline what type of scour mitigation is at the discharge point | L55: 45354 | M55: 45368 | O55: Open | P55: N
A56: NRW
A57: NRW
A58: NRW
A59: NRW
A60: NRW
A61: NRW
A62: NRW
A63: NRW
A64: NRW
A65: NRW
A66: NRW
A67: NRW
... A283: NRW
A284: NRW | B284: water | C284: Talybont WwTW | D284: AD0001701 | E284: N/A | F284: PAN-028754 | G284: Asta | H284: Y | I284: N | J284: Please justify why alternative dosing chemical cannot be used as Aluminium is requested upstream of a nature consveration site. Does the site managment plan cover aluminium and what measures are in place to control it? | L284: 45873 | M284: 24/4/2025 | O284: Open | P284: N
A285: NRW | B285: Water | C285: Borth WwTW | D285: CG0083701 | E285: N/A | F285: PAN-028884 | G285: Steve | H285: Y | I285: Y | J285: Correct NGR's for Mcert and UWWTR Inlet Sample Point | L285: 45763 | M285: 45779 | O285: Open

Sheet Regulator Initiated Permit Chan
A1: Regulator | B1: Programme | C1: Site Name | D1: FE Permit Number | E1: Storm Permit Number | F1: PAN # | G1: Allocated to | H1: Is further information required Y/N. | I1: Is the request related to the specific driver Y/N | J1: Is this Request for information part of a formal Reg61? Y/N | K1: What is the Request (limit to 100 words) | L1: Type of Request | M1: Date further info requested | N1: Deadline for further information | O1: Does information meet NRW requirements Y/N | P1: Request Status | Q1: Any further permit conditions to be reviewed by NRW Y/N | R1: If Yes what conditions were reviewed | S1: Is further information required for these | T1: DCWW Comment | U1: Date of DCWW Comment | V1: NRW Response to RFI comment
A2: NRW | B2: RoP only | C2: Carrog WwTW | D2: CM0000501 | E2: N/A | F2: PAN-022509 | G2: Gareth | H2: N | I2: Y | J2: Y | K2: email to Elliot and Gemma. Request for correct post code for the site. Also correct NGR for Discharge Point and clarification on Monitoring Point. | L2: Type 1 NGR's and post code | M2: 45141 | N2: 45003 | P2: Closed | T2: Our systems have the postcode as was supplied LL21 9AU. For the NRG's the ones supplied alongside the site plan hasn't changed from the original permit. The FE discharge point is within 10 metres so will this be necessary? The Monitoring point is for Mcerts Flow & FE sampling point based on the NGRs.
A3: NRW | B3: MON3/4 | C3: Carway WwTW | D3: BC0017801 | E3: BP0361501 | F3: PAN-009483 | G3: Dulson | H3: N | I3: Y | J3: N | K3: Can you confirm the FE and storm discharge out of the same pipe which is located 426m north of the WwTW as the provided NGR states - our GIS layer suggests the outfall is much closer to the works | L3: Type 1 | M3: 45121 | N3: 45135 | P3: Closed | T3: The Discharge pipe appears to be at SN45962 06988
A4: NRW | B4: UMON 3/4 & RoP | C4: Sennybridge WwTW | D4: AC0140301 | E4: AN0246901 | F4: PAN-021505 | G4: Dulson | H4: N | I4: Y | J4: N | K4: Confirm discharge point for FE - NGR provided is other side of the river. Our GIS layer suggests SN 92507 29483 | L4: Type 1 | M4: 45121 | N4: 45135 | P4: Closed | T4: Discharge point on our GIS is SN29510 29459 | AK4: Type 1
A5: NRW | B5: UMON 3/4 & RoP | C5: Spittal WwTW | D5: BG0016901 | E5: CG0433901 | F5: PAN-009513 | G5: Helen | H5: N | I5: Y | J5: Y | K5: The NGR for the submitted MCERTS flow monitor (SM 97351 22626) seems to be about 90 metres to the west of the site. Would SM 97431 22626 be acceptable? | L5: Type 1 | M5: 45127 | N5: 45141 | O5: Y | P5: Closed | T5: Our records show the NRW submitted for the continous Mcerts monitor to be SM 97445 22637. Update 5/9/23 yes one monitor covers both functions. | V5: This is from the submission (says row 176 but rows have changed since I wrote my response): Is there actually just one MCERTS monitor which covers both functions? | AK5: Type 2
A6: NRW | B6: MON3/4 | C6: Dale WwTW | D6: BP0064001 | E6: BP0345801 | F6: PAN-021413 | G6: Dulson | H6: Y | K6: Please could you provide the NGRs requested on the 'Dale' tab - the submission is very poor and gives the flow monitoring and EDM locations at the discharge point out at sea. Could you also include the pre and post membrane filtration NGRs, | L6: Type 1 | M6: 45693 | N6: 45707 | P6: Closed | T6: NGR's provided on the Dale tab | U6: 28/3/25 | AK6: Type 3
A7: NRW | B7: UMON 3/4 & RoP | C7: Mold WwTW | D7: CM0031001 | E7: PAN-018681 | G7: Dulson | H7: N | I7: N | J7: N | K7: Direct email response (CIP removal request from DCWW) | L7: Type 4 | M7: 45118 | N7: 45147 | P7: Closed | T7: We believe this is now complete? | AK7: Type 4
A8: NRW | B8: UMON 3/4 | C8: Letterston West WwTW | D8: BH0071101 | E8: BH0071102 | F8: PAN-021352 | G8: Helen | H8: N | I8: Y | J8: Y | K8: Please could you check and confirm the discharge point for the storm overflow? When the permit was varied in 2013 the NGR provided was the same as the NGR for the final effluent. It was then changed in the 2020 version but I don't know why. Are there two pipes? If only one then how does storm discharge in a different place to FE? | L8: Type 1 | M8: 27/07/2023 | N8: 45148 | O8: Y | P8: Closed | T8: Our GIS shows it as per the FE discharge point
A9: NRW | B9: UMON 3/4 & RoP | C9: Cefn Mawr WwTW | D9: CM0101301 | E9: CG0405901 | F9: PAN-021274 | G9: Dauncey | H9: N | I9: Y | J9: Y | K9: UWWTR Sample Point NGR given is SJ 27450 41700, same as the Point of Discharge. This is slightly unusual. Similarly, the UWWTR Inlet Sample Point NGR is the same as the Final Effluent Sample Point (SJ 27714 41645). Can DCWW please check both UWWTR Sample Points and advise if they would like us to proceed with the NGRs provided or provide revised NGRs if incorrect? | L9: Type 1 | M9: 45138 | N9: 45149 | P9: Closed | T9: Inlet sample point is SJ27799 41646 FE UWWTD sample point is 27698 41657
A10: NRW | B10: UMON 3/4 & RoP | C10: Boncath WwTW | D10: BG0001201 | E10: BG0001202 | F10: PAN-020321 | G10: Gareth | H10: N | I10: Y | J10: Y | K10: email sent to DCWW. Please confirm the NGR for Final Effluent Discharge Point | L10: Type 1 | M10: 45141 | N10: 45156 | P10: Closed | Q10: No | T10: Email sent by Elliot 3rd August 2023
A11: NRW | B11: UMON 3/4 & RoP | C11: Pandy WwTW | D11: AH1002901 | E11: AN0391101 | F11: PAN-021342 | G11: Gareth | H11: N | I11: Y | J11: Y | K11: email to DCWW with map. The site planprovided Permits_drawings_1_AH1002901 does not show location of Final Effluent Discharge Point & Settled Storm Discharge Point, or Final Effluent Sample Point. Please provide a plan with points labelled and NGR's provided. | L11: Type 1 | M11: 45141 | N11: 45156 | P11: Closed | Q11: No | T11: Email sent by Mat 4th August 2023
A12: NRW | B12: UMON 3/4 & RoP | C12: Llanwrtyd Wells WwTW | D12: AW1003901 | E12: AW1003902 | F12: PAN-021521 | G12: Gareth | H12: N | I12: Y | J12: Y | K12: email sent to DCWW. Requested confirmation of the NGR locations for the Final Effluent Sample Point, Storm Sample Point and Storm to environment EDM Monitoring Point and check locations are correct on plan. | L12: Type 1 | M12: 45141 | N12: 45156 | P12: Closed | T12: Email sent by Mat 4th August 2023. 18/08/23 Yes of course I will draft a little document with all the correct details. I am on leave next week so is it ok if I get the 29th when I get back? Thanks Mat Update 5/9/23 Email sent 30/8/23, can this now be closed? Unable to find email dated 8/9/23, can you please resend (request 13/9/23) | V12: Follow up email sent to Mat 09/08/23 asking for conformation on response as not consistent with permit AW1003902.
A13: NRW | B13: UMON 3/4 & RoP | C13: Cwm Ifor WwTW | D13: BN0103601 | E13: BP0239802 | F13: PAN-021452 | G13: Tom | H13: N | I13: Y | J13: Y | K13: Submission states 'not stated' for screen size. This could be taken as there is potentially a screen but its not stated on the spreadsheet. For clarity, can you confirm if there is screening? Please provide screen size if there is a screen. | L13: Type 1 | M13: 45160 | N13: 45173 | P13: Closed | T13: Awaiting response from ops, will update in liaison meeting . Confirmation just received from ops, there is no screen. 21/9/23
A14: NRW | B14: UMON 3/4 & RoP | C14: Beddgelert WwTW | D14: CG0024001 | E14: CG0406401 | F14: PAN-021285 | G14: Dauncey | H14: N | I14: N | J14: Y | K14: Can DCWW please provide a map with all the required discharge and sample points fully labelled with the agreed labels. The map provided in both ROP and UMON submissions does not reference the dicharge points. | L14: Type 1 | M14: 45168 | N14: 45182 | P14: Closed | T14: Map was sent as part of UMON application. | V14: The site plans provided do not have any of the discharge points. Please provide a map with all the required discharge and sample points with the agreed labels. Updated 26/09/2023: Site Plans Recieved
A15: NRW | B15: UMON 3/4 & RoP | C15: Little Mill WwTW | D15: AD0002501 | E15: AD0003001 | F15: PAN-021565 | G15: Josh | H15: N | I15: N | J15: N | K15: Direct email to Mat - Storm permit is surrendered so cannot be consolidated. | M15: 45154 | N15: 45183 | P15: Closed
A16: NRW | B16: MON3/4 | C16: Dinas WwTW | D16: BP0234401 | E16: BP0063202 | F16: PAN-021414 | G16: Helen | H16: Y | I16: Y | J16: N | K16: All of the storm overflow data has been submitted as "TBC". Please provide this. Update 17/02/2025 - I've found the weir setting, which was submitted separately. We are still missing the screening and storage information. | L16: Type 2 | M16: 44970 | N16: 44998 | O16: Y | P16: Closed | T16: all flows pass through a 6mm mesh inlet screen and there is also a coarse bar screen as an overflow in case of failure. The storm tank capacity is 21.06m3. | U16: 13/3/25
A17: NRW | B17: RoP | C17: Brechfa | D17: BN0000302 | E17: BN0000301 | F17: PAN-022606 | G17: Dulson | H17: N | I17: Y | J17: Y | K17: The RoP Reg.61 has requested a consolidation with an emergency permit (BN0000301), however after checking with our tech lead he has confirmed these permits are not suitable for consolidation. I will progress with the FE variation. | L17: Type 1 | M17: 45176 | N17: 45190 | O17: Y | P17: Closed | Q17: N | R17: N | S17: N | T17: On review, we agree with your suggestion not to consolidate.
A18: NRW | B18: MON3/4 | C18: Blaenffos WwTW | D18: BN0010301 | E18: NPSWQD005734 | F18: PAN-020314 | G18: Dulson | H18: N | I18: Y | J18: N | K18: Could you confirm the FE and storm overflow discharge out the same discharge pipe. The UMON submission gives two different NGRs, however the previous permits site plans both point to the same outfall location. | L18: Type 1 | M18: 45187 | N18: 45201 | P18: Closed | T18: FE and storm both discharge to same location.
A19: NRW | B19: RoP | C19: PUNCHESTON | D19: BG0017601 | F19: PAN-023184 | G19: Dulson | H19: N | I19: N | J19: N | K19: Could you confirm the discharge points for the final effluent and storm are at the same outfall, although the submission gives different NGRs, the previous permits both point to NGR SN00982 29824. Are you happy for me to use this NGR if they both discharge to the same location? | L19: Type 1 | M19: 45188 | N19: 45202 | P19: Closed | Q19: N | R19: N/A | S19: N/A | T19: yes , happy, they both discharge to same location
A20: NRW | B20: UMON 3/4 & RoP | C20: Ffairfach WwTW | D20: BH0065401 | E20: BN0194103 | F20: PAN-021422 | G20: Helen | H20: N | I20: Y | J20: Y | K20: I think there was a mistake in the Dec 2005 permit. The NGR for UWWTR inlet sampling in the written condition U4, is the same as for FE sampling. On the site plan on that permit the inlet sampling NGR is SN 61800 21110. Please could you confirm that SN 61800 21110 is correct? | L20: Type 1 | M20: 45198 | N20: 45212 | O20: Y | P20: Closed | T20: Yes I can confirm that NGR SN 61800 21110 is correct for both the Inlet Sampling and UWWD Crude Sampling.
A21: NRW | B21: MON3/4 | C21: Goytre WwTW | D21: AC0116401 | E21: AN0379201 | F21: PAN-021448 | G21: Gareth | H21: N | I21: Y | J21: Y | K21: Email sent: query with regards to NGR provided for Final Effluent Sample point, SO 33054 05976. This is not on the WwTW's and not in the same location as FE sample point shown on the old permit (2005). K119 | L21: Type 1 | M21: 45203 | N21: 45217 | P21: Closed | T21: GA responded via email 10/10/2023.
A22: NRW | B22: UMON 3/4 & RoP | C22: Crossgates WwTW | D22: AW1001101 | E22: AN0226801 | F22: PAN-021442 | G22: Josh | H22: N | I22: Y | J22: Y | K22: NGRs vary between UMON and RoP submissions. Please can the following NGRs be confirmed: Final Effluent Discharge Point (SO 08660 64240 or SO 08854 64657); Settled Storm Discharge Point (SO 08659 64232 or SO 08659 64232); and Settled Storm to Environment EDM Monitoring Point (SO 08877 64688 or SO 08870 64690). An adjusted site plan may be required to include these discharges. | L22: Type 1 | M22: 45222 | N22: 45236 | P22: Closed | T22: Final Effluent Discharge Point is SO 08660 64240. Settled Storm Discharge Point is the same for both you presented but is the correct NGR. Settled Storm to Environment EDM Monitoring Point is SO 08877 64688. | U22: Storm Sample Point: can this be amended to SN 62085 09889 (Point A).
A23: NRW | B23: RoP | C23: Drefach/Velindre | D23: BH0060601 | F23: PAN-022598 | G23: Kristina | H23: N | I23: Y | J23: Y | K23: Can you confirm that this permit is definately not to be consolidated with UMON 3/4. Also the submitted site plan labels do not match what we typically use. if this could be updated that would be great if not i would be happy to do this on your behalf and checked at OR. | L23: Type 1 | M23: 28/07/2023 | N23: 45238 | O23: Y | P23: Closed | Q23: N | R23: N | S23: N | T23: The UMon3/4 hasn't be submitted yet due to the UCSO programme so it wouldn't be consoldated here. With the site plan, the NGR's haven't changed so no site plan was submitted as it would just mirror the original permit.
A24: NRW | B24: RoP | C24: BETWS GWERFIL GOCH | D24: CM0026601 | F24: PAN-022604 | G24: Helen | H24: N | I24: Y | J24: N | K24: Submitted Point of Discharge NGR does not match current permit NGR or site plan. Current permit NGR is SJ 0304 4631 and discharge is directly to River Alwen as opposed to an unnamed ditch. Submitted Sample Point NGR does not match current permit. Current permit NGR is SJ 0311 4638. Based on aerial photography and photographs from a site inspection, it looks like the sample point is at NGR SJ 03111 46380. Please could you check and confirm these, and provide a new site plan if needed. If Point of Discharge has changed since last permit, please provide details of when NRW were informed of this change. | L24: Type 1 | M24: 45254 | N24: 45268 | O24: Y | P24: Closed | T24: GA comments 30.11.23: On review of GIS I believe the NGR for the FE discharge point is SJ 03037 46307 which discharges directly into the River Alwen which coincides with the original permit. The FE sample point is SJ 03111 46380 as you've confirmed. Revised site plan sent via email as requested 30.11.23.
A25: NRW | B25: MON3/4 | C25: Carew WwTW | D25: BP0044201 | E25: BP0215001 | F25: PAN-021272 | G25: Dulson | H25: N | I25: Y | J25: Y | K25: Could you confirm the final effluent discharge point is correct please (going via a pumping station). Whilst it does match the previous consent, the GIS layer suggests it could be much closer to the works. The submitted receiving waters is the Carew River which would be incorrect if it discharges at the submitted NGR. I have added two maps on a seperate tab. Possible NGR: SN 05188 03575 | L25: Type 1 | M25: 45258 | N25: 45272 | P25: Closed | T25: GA comments 30.11.23: On review of GIS I believe your NGR is accurate based on our mapping system. Please use NGR SN 05188 03575 for the FE discharge point.
A26: NRW | B26: RoP | C26: COEDWAUNGAER | D26: AB0043501 | F26: PAN-022921 | G26: Gareth | H26: Y | I26: Y | J26: Y | K26: Request for new site plan and populate the previous RoP Reg 61 spreadsheet. email sent to Gemma and Elliot 14/11/2023. | L26: Type 2 | M26: 45244 | N26: 45273 | P26: Closed | T26: This was responded to in November, if anything further is required can you please advise, or can this be closed please. | U26: 45505
A27: NRW | B27: RoP | C27: CRADOC PHASE 1 | D27: AN0035901 | F27: PAN-022922 | G27: Gareth | H27: Y | I27: Y | J27: Y | K27: Request for new site plan and populate the previous RoP Reg 61 spreadsheet. email sent to Gemma and Elliot 14/11/2023. | L27: Type 2 | M27: 45244 | N27: 45273 | P27: Closed | T27: This was responded to in November, if anything further is required can you please advise, or can this be closed please. | U27: 45505
A28: NRW | B28: MON3/4 | C28: Newport Cwm SPS | D28: Not Required | E28: BP0296401 | F28: PAN-022942 | G28: Dulson | H28: N | K28: Could you provide EDM to storm tank NGR, as this was absent on the submission, unless you can confirm the storage is online (therefore not required). | L28: Type 1 | M28: 45261 | N28: 45275 | P28: Closed | T28: We can confirm that there is no storm tank, having checked the installs | U28: 45242
A29: NRW | B29: RoP | C29: TALLEY | D29: BN0085301 | F29: PAN-023190 | G29: Gareth | H29: Y | I29: N | J29: N | K29: Please confirm if the Site Plan provided in the Reg. 61 Response Batch 6 (07/09/2023), ref. BN0085301 Site Plan (PNG) is correct for this works. Please check the NGR provided for the FE sample point and if found to be incorrect, provide a revised NGR. Please check PMSKPM submitted on 25/09/2023 and re-submit if anything is added/corrected. Email sent with this request on 08/01/2024. | L29: Type 3 | M29: 45505 | N29: 45324 | P29: Closed | T29: OR responded to this morning including the RFI query for the PSKPM. | U29: GA 25.1.24
A30: NRW | B30: MON3/4 | C30: Carmel WwTW | D30: BE0042501 | E30: BP0361601 | F30: PAN-021273 | G30: Dulson | H30: N | I30: N | J30: N | K30: Could you provide the correct MCERTS Flow Monitoring Point NGR - the submitted is for a different site. | L30: Type 1 | M30: 45321 | N30: 45335 | P30: Closed | T30: Correct NGR is SN 60083 17461 | U30: 45537
A31: NRW | B31: MON3/4 | C31: Gaerwen WwTW | D31: CG0114101 | E31: CG0114102 | F31: PAN-021425 | G31: Dulson | H31: N | I31: N | J31: N | K31: Could you confirm the settled storm sample point - submitted is SH 46713 72565, however its in the field and there doesn’t appear to be a sampling chamber | L31: Type 1 | M31: 45322 | N31: 45336 | P31: Closed | T31: Settled storm sample point is SH 46712 72632 | U31: 45537
A32: NRW | B32: MON3/4 | C32: Garndolbenmaen WwTW | D32: CG0080001 | E32: AB3495FT | F32: PAN-021439 | G32: Dulson | H32: N | I32: N | J32: N | K32: Could you confirm the final effluent and storm discharge from separate pipes - the NGRs submitted say they do, but the GIS layer suggest it might be via one discharge pipe. | L32: Type 1 | M32: 45322 | N32: 45336 | P32: Closed | T32: We confirm that it is one pipe. Please use FE discharge point NGR. | U32: 45537
A33: NRW | B33: MON3/4 | C33: Gellilydan WwTW | D33: CG0060501 | E33: CG0369901 | F33: PAN-021445 | G33: Dulson | H33: N | I33: N | J33: N | K33: The submitted NGR for the settled storm discharge is the wrong side of the river - GIS suggests it should be SH 68715 40055. Could you confirm this is correct please. | L33: Type 1 | M33: 45323 | N33: 45337 | P33: Closed | T33: Yes we agree that this is correct. | U33: 45537
A34: NRW | B34: RoP | C34: Cwrtnewydd WwTW | D34: BN0005601 | F34: PAN-024629 | G34: Dulson | H34: Y | I34: N | J34: N | K34: Please could you confirm the NGR for the final effluent discharge point (see other tab) the NGR provided is not at the river, and differs from the previous consent. | L34: Type 1 | M34: 45327 | N34: 45341 | P34: Closed | T34: Please use NGR SN 49474 47095 as this is the discharge point for the site. | U34: 18/03/2024
A35: NRW | B35: RoP | C35: NEWCHAPEL | D35: BP0219501 | F35: PAN-023191 | G35: Gareth | H35: Y | I35: Y | J35: N | K35: I would be grateful if you could confirm the NGR for the Storm Discharge Point. The Reg 61 response gives it as SN 22468 39078 (which is the same as the Final Effluent Discharge Point), but the existing permit has it as SN 22561 39177. | L35: Type 1 | M35: 45335 | N35: 45349 | P35: Closed | T35: Please use NGR SN 22561 39177 as per the original permit. | U35: 45349
A36: NRW | B36: MON3/4 | C36: Ystradgynlais WwTW | D36: BF0169101 | E36: BW0600901 | F36: PAN-021465 | G36: Dulson | H36: N | K36: Please could you confirm the final effluent and storm effluent discharge out of separate pipes. The NGRs provided are next to each other, but the GIS layer suggets there is only one pipe leading to a single outfall. | L36: Type 1 | M36: 45337 | N36: 45351 | P36: Closed | T36: Agreed they both discharge from one pipe. SN77423 08569 | U36: 19/2/24
A37: NRW | B37: RoP | C37: Dingestow Monmouth | D37: AS1000701 | E37: N/A | F37: PAN-022926 | G37: Dulson | H37: N | K37: Replied via email. Do you know if this site can accept the new 20 mg/l LUT Ammonia limit – or is this on the list for AMP 8 investment? | L37: Type 1 | M37: 45338 | N37: 45352 | P37: Closed | T37: Yes this site can meet the 20mg/l Ammonia. | U37: 45349
A38: NRW | B38: MON3/4 | C38: Creigiau WwTW | D38: AN0032201 | E38: AF4024801 | F38: PAN-021436 | G38: Dulson | H38: N | I38: N | J38: N | K38: Please could you confirm the NGRs for the final effluent and settled storm effluent - submitted are different (see other tab) however it looks on the GIS layer that they both discharge via the same outfall. | L38: Type 1 | M38: 45342 | N38: 45356 | P38: Closed | T38: Confirmed, there is only one outfall. Please use submitted FE discharge point. | U38: 28/2/24
A39: NRW | B39: MON3/4 | C39: Whitland WwTW | D39: BL0138501 | E39: BL0138502 | F39: PAN-021464 | G39: Dulson | H39: N | K39: Could you confirm the weir/overflow value please. The previous permit is 15.5, however the submitted value is 29.5 | L39: Type 2 | M39: 45329 | N39: 45357 | P39: Closed | T39: 15.5 is correct. | U39: 45537
A40: NRW | B40: RoP | C40: LLANDDEW BRECON | D40: AC0140701 | F40: PAN-022511 | G40: Josh | H40: N | I40: Y | J40: Y | K40: The Final Effluent Sample Point NGR submitted for the Reg.61 (Batch 3 19/06/2023) was SO 05124 30824. This appears to be outside the WwTW site (but not at the FE outfall). I'd be grateful if you could confirm the NGR for the Final Ellfuent Sample Point. | L40: Type 2 | M40: 45329 | N40: 45357 | P40: Closed | T40: Revised site plan sent by email. Please update the NGR for the FE Sample Point to: SO 05148 30821. | U40: 16.02.2024
A41: NRW | B41: MON3/4 | C41: Y Ffor WwTW | D41: CG0012401 | E41: EPRAB3497HE | F41: PAN-021510 | G41: Dulson | H41: N | K41: Could you confirm the storm and FE discharge point please. The submitted for both is SH 40331 39318, however both the previous permits discharge points are SH 40336 39313 - which better fit our GIS layer (although I know this isnt 100% reliable) | L41: Type 1 | M41: 45348 | N41: 45362 | P41: Closed | T41: We agree with SH 40336 39313 | U41: 45446
A42: NRW | B42: NEP | C42: Pontyberem WwTW | D42: BC0021001 | E42: BP0304601 | F42: PAN-023729 | G42: Dulson | H42: N | I42: N | J42: N | K42: RFI sent by email to Mat & Laura (UMON & NEP variation) - NGR checks | L42: Type 1 | M42: 45349 | N42: 45363 | P42: Closed | T42: Thanks for raising, could you progress with the NEP NGRs supplied please. | U42: 28/2/24
A43: NRW | B43: RoP | C43: Trellech WwTW | D43: AN0214601 | F43: PAN-023180 | G43: Gareth | H43: Y | I43: N | J43: Y | K43: NEW RFI: FE and Sample NGR differs greatly from previous permit. Wanting clarity on new NGR location. Answered RFI: Permit was currently on hold due to DWF limits under 20. Updated limits showing over 20 DWF so permit eligible to be varied. No details on original submission spreadsheet. Please can I have an up to date submission spreadsheet including all data required for variation. | L43: Type 1 | M43: 45350 | N43: 45364 | P43: Closed | T43: Responded supplying information on email. | U43: 45507
A44: NRW | B44: RoP | C44: Gorsgoch WwTW | D44: BG0043501 | F44: PAN-022933 | G44: Gareth | H44: Y | I44: N | J44: Y | K44: Permit was currently on hold due to DWF limits under 20. Updated limits showing over 20 DWF so permit eligible to be varied. No details on original submission spreadsheet. Please can I have an up to date submission spreadsheet including all data required for variation. | L44: Type 1 | M44: 45350 | N44: 45364 | P44: Closed | T44: Responded supplying information on email. | U44: 45507
A45: NRW | B45: MON3/4 | C45: Bodffordd WwTW | D45: CG0082001 | E45: CG0337001 | F45: PAN-020332 | G45: Dauncey | H45: Y | I45: N | J45: N | K45: Submission states screen as unkown. Can DCWW investigate and report back the screening details. Please can the following NGRs be double checked and confirmed: Final Effluent Discharge Point - SH 42920 76760 Settled Storm Discharge Point - SH 42926 76766 Should this be the same pipe? FE looks further south than previous versions. Final Effluent Sample Point - SH 42920 76760. This is at the discharge point which seems strange for the size of the works. Settled Storm Sample Point - SH 42817 76799. This is almost offsite | L45: Type 1 | M45: 45351 | N45: 45365 | P45: Closed | T45: Settled Storm Discharge Point - SH 42926 76766 This is correct, and the FE discharge point is the same place. Final Effluent Sample Point - SH 42920 76760. This is at the discharge point which seems strange for the size of the works. Should be SH 42887684 as was on original consent. Settled Storm Sample Point - SH 42817 76799. This is almost offsite this is correct. Inlet Screen is a 6mm screen and screens all flows treated and storm | U45: 45365
A46: NRW | B46: MON3/4 | C46: Tavernspite WwtW | D46: BH0056201 | E46: BH0056202 | F46: PAN-021508 | G46: Dulson | H46: Y | I46: N | J46: N | K46: Could you check the submission NGRs are correct - that everything, except the FE Sample Point, is located at SN 18249 13117. Thought I would just double check as its rather unusual. Thank you | L46: Type 1 | M46: 45351 | N46: 45365 | P46: Closed | T46: We confirm that these are correct | U46: 45446
A47: NRW | B47: MON3/4 | C47: Bishopston WwTW | D47: BP0054601 | E47: BP0271801 | F47: PAN-020328 | G47: Dulson | H47: N | I47: N | J47: N | K47: *Final Effluent and Settled Storm Discharge Points match the map provided, but our map layer suggests one pipe and that it is further out into the waters. I'm aware our map layer isnt 100% accurate but can DCWW double check. *MCERTS Flow Monitoring Point is in the sea. Can DCWW please check the NGR. *MCERTS FPF Monitoring Point 1 NGR is in the road. Please check this is correct. *If any NGR needs tobe updated, pleas provide an amended site plan. | L47: Type 1 | M47: 45352 | N47: 45366 | P47: Closed | S47: Can you confirm if UV is Applied, Measured Applied of Recieved? Additionally, I’ll need a ‘UV Irradiation Channel Monitoring Point’ NGR. If the UV is Measured Applied, I will need an additional NGR for ‘UV Irradiation Plant Inlet Monitoring Point’. | T47: It is definitely applied. Unable to supply UV Irradiation Channel Monitoring Point NGR due to ops manager being on leave, can we request an extension on this, or supply at OR? No problem having an extension - as you may be aware Tom is off for a while but I will leave query as open. Thanks, Em 22/05/2024 Thanks Em, have responded via email 18/6/24 | U47: 45327
A48: NRW | B48: MON3/4 | C48: Swansea Bay WwTW | D48: BP0236601 | E48: BP0236602 | F48: PAN-020329 | G48: Dulson | H48: N | I48: N | J48: N | K48: UWWTR Inlet Sample Point was not sated on the site plan. Can an updated site plan be provided? A few of the NGRs submitted vary from those on the previous permit variation. Please double check and confirm that we should proceed with the submitted NGRs. | L48: Type 1 | M48: 45352 | N48: 45366 | P48: Closed | T48: Please use submitted NGR's. Inlet sample point SS6862592958 Updated plan to follow | U48: 21/3/24 | V48: Follow up correspondence recieved 25/03/2024. Query closed.
A49: NRW | B49: MON3/4 | C49: Tregarth WwtW | D49: CG0133701 | E49: CG0083802 | F49: PAN-021589 | G49: Dulson | H49: N | K49: Please could you check the discharge point NGRs - from our GIS layer it appears the FE discharge point is downstream from the storm (at SH 60803 68720) rather than upstream as submitted (SH 60811 68712). | L49: Type 1 | M49: 45352 | N49: 45366 | P49: Closed | T49: We agree it should be SH60803 68720 | U49: 45446
A50: NRW | B50: MON3/4 | C50: Garnswllt WwTW | D50: BC0006801 | E50: BW1404301 | F50: PAN-021441 | G50: Dulson | H50: N | I50: N | J50: N | K50: The previous permit states iron dosing is occcuring at the site and the environment team have confirmed this. I have spoken to Dean Roden who confirms the permit should have the default Fe limits of 4000 µg/l (LUT) and 8000 µg/l (MAX). We would be happy to add these free of charge if you agree? | L50: Type 1 | M50: 45356 | N50: 45370 | P50: Closed | T50: Happy for you to add those limits | U50: 18/3/24
A51: NRW | B51: MON3/4 | C51: Croesgoch WwTW | D51: BG0019001 | E51: BG0019002 | F51: PAN-019152 | G51: Dulson | H51: N | K51: Could you confirm the discharge points for the FE and storm. Submitted are different however looking at the GIS layer it appears they both discharge at SM 82681 30585. (see other tab for map) | L51: Type 1 | M51: 45357 | N51: 45371 | P51: Closed | T51: Agree with your suggested NGR. | U51: 14/3/24
A52: NRW | B52: MON3/4 | C52: Llanfyrnach WwTW | D52: BN0002901 | E52: BP0219201 | F52: PAN-021514 | G52: Dulson | H52: N | K52: · Please could you confirm the screen size - previous permit was a 10mm bar screen, however submitted states 6mm mesh. · Could you confirm the correct discharge point NGRs - the Final and Storm submitted NGRs are next to each other, do they discharge via one outfall or two seperate ones? Our GIS layer suggests the submitted Storm discharge NGR is correct (SN 22047 31052) | L52: Type 2 | M52: 45348 | N52: 45376 | P52: Closed | T52: Agreed, please stay with 10mm screen as per previous permit, | U52: 26/3/24
A53: NRW | B53: MON3/4 | C53: Mynytho WwTW | D53: CG0030801 | E53: CG0030802 | F53: PAN-021553 | G53: Dulson | H53: N | K53: The UMON submission gives a UMON 3 NGR (EDM to storm tank) however the previous storm permit has no storage. Could you confirm if there are storm tanks on site please. | L53: Type 1 | M53: 45369 | N53: 45385 | P53: Closed | T53: There is storage, 31m3 | U53: 15/4/24
A54: NRW | B54: MON3/4 | C54: Coslech WwTW | D54: AN0010101 | E54: AN0010102 | F54: PAN-021604 | G54: Dulson | H54: N | K54: Could you please confirm whether there is storage at this site. The previous storm permit has none, however the UMON submission gives ST 06806 79049 as the EDM to storm tank (UMON 3) monitor location. | L54: Type 1 | M54: 45402 | N54: 45387 | P54: Closed | T54: I've just had confirmation that there is 1201m3 storm volume there. | U54: 45355
A55: NRW | B55: MON3/4 | C55: Llanpumpsaint WwTW | D55: BN0049101 | E55: EPRFB3690HH | F55: PAN-021612 | G55: Dulson | H55: N | K55: Please could you confirm the Discharge point NGRs as they differ quite a bit from our GIS layer (although I know it not always correct). Please see screenshot on other tab. There is a 19m different between the submitted storm NGR and GIS layer discharge point. There is a 13m difference between the submitted FE NGR and the GIS layer discharge point. | L55: Type 1 | M55: 45372 | N55: 45390 | P55: Closed | T55: Hi, yes agree with the NGR's you have given, please amend to those | U55: 45355
A56: NRW | B56: MON3/4 | C56: Llanfair PG WwTW | D56: CG0081101 | E56: CG0081201 | F56: PAN-021330 | G56: Dulson | H56: N | K56: Please could you confirm if there is storm storage at this site. The storm permit says no, but an EDM to storm tank monitoring point (UMON 3) was provided in the submission. Could you also confirm the FE and Storm discharge NGRs - from our GIS layer it looks as if the pipe ends at the submitted storm NGR (see other tab for map). | L56: Type 1 | M56: 45373 | N56: 45391 | P56: Closed | T56: There is no storm storage on site at Llanfair PG WWTW. The storm flow and FE flow combine at the outlet from the works after the FE sample point. Both flows enter the Menai straight at the same location as they are traveling through the same pipe. Storm discharge point in the plan is correct | U56: 29/4/24
A57: NRW | B57: UMON 3/4 | C57: Cenarth WwTW | D57: BP0101201 | E57: BP0101203 | F57: PAN-021602 | G57: Dulson | H57: N | I57: N | J57: N | K57: Please could you double check the submitted Storm to Environment EDM Monitoring Point NGR (SN 26531 41706) is correct as its moved 23m, the previous permit has it at SN 26555 41701. | L57: Type 1 | M57: 45378 | N57: 45394 | P57: Closed | U57: 45355
A58: NRW | B58: MON3/4 | C58: Hook WwTW | D58: BN0000402 | E58: BN0000402 | F58: PAN-020313 | G58: Dulson | H58: N | K58: In the permit issued in 2020, there was a 12 month Efficacy Programme attached to Table S1.2. Am I correct in thinking this is now redundant? Do you know if there is anything needed to replace it? I do have a meeting with Rod Thomas and Sarah Atkinson soon to discuss. | L58: Type 1 | M58: 45378 | N58: 45394 | P58: Closed | T58: Both of the attached consents, storm and effluent point to the storm discharge NGR below being correct. | U58: 45355
A59: NRW | B59: UMON 3/4 | C59: Dolywern WwTW | D59: CM0007901 | E59: CM0009501 | F59: PAN-021419 | G59: Dulson | H59: N | I59: Y | J59: N | K59: Overflow setting, storm tank and screen details are all given as TBC. Please could you provide full details for these. If there is no storm tank, please could you confirm the NGRS for UMON3/4 as an NGR for EDM to storm tank has been provided. Thanks. I have classified as Type 1 but if there is a storm tank and you need to get a volume from ops, that can be amended. | L59: Type 1 | M59: 27/03/2024 | N59: 45394 | P59: Closed | T59: weir setting 1.62 l/s, no screen, storage 13.77m3 | U59: 16/04/2024
A60: NRW | B60: RoP | C60: Aber Village | D60: AA0026701 | F60: PAN-022611 | G60: Dulson | H60: N | K60: Please could you advise if you would like this to stay in the RoP programme or be removed. This site will still need to be varied at somepoint to meet the NEP obligation by 31/03/2030. | L60: Type 1 | M60: 45379 | N60: 45397 | P60: Closed | T60: Please remove from the RoP programme. We appreciate this site is included in the NEP and we will commit to vary by 31/03/2030. | U60: 45630
A61: NRW | B61: MON3/4 | C61: Llangaffo WwTW | D61: CG0019201 | E61: CG0019202 | F61: PAN-021515 | G61: Dulson | H61: N | K61: Please could you confirm the overflow setting. The Improvement Form stated 1.78, however the FE permit suggestes the max flow rate for the treated effluent is 4.5l/s - so I would assume the overflow to be at least 4.5l/s. Could you also confirm the FEs Discharge point, is it via the same outfall as the storm at SH 44688 67713? The submitted final effluent sample point is also located at the FE discharge point, please could you provide this too. | L61: Type 2 | M61: 45371 | N61: 45401 | P61: Closed | T61: The overflow setting of 1.78 l/s is correct, the 4.5 is only a max flow. Agreed re NGR given. | U61: 45508
A62: NRW | B62: MON3/4 | C62: Wilkes Head SPS CSO | D62: n/a | E62: BP0356201 | F62: PAN-021357 | G62: Dulson | H62: N | K62: Please could you confirm the dischange point NGR - the submitted varies vastly from the previous permit. The submitted looks as if it is actaully the FE dicharge point for the works. | L62: Type 1 | M62: 45401 | N62: 45415 | P62: Closed | T62: The discharge point should be SN 41517 40330 | U62: 22/4/2024
A63: NRW | B63: MON3/4 | C63: Llaneilian SPS | D63: n/a | E63: CG0143701 | F63: PAN-021324 | G63: Dulson | H63: N | I63: N | J63: N | K63: A PSKPM was not submitted with the application - please could you provide one. Please could you also confirm the Discharge Point - the GIS layer suggests it should be SH 46615 93384 (see other tab) | L63: Type 3 | M63: 45397 | N63: 45425 | P63: Closed | T63: Agree with change of NGR. PSKPM sent direct by email | U63: 15/04/2024
A64: NRW | B64: MON3/4 | C64: Llantwit Major SPS | D64: n/a | E64: BP0270901 & BP0270902 | F64: PAN-021336 | G64: Dulson | H64: N | I64: N | J64: N | K64: · A PSKPM was not provided with the submission, please could you send one. · Correct me if I am wrong, but I am assuming that the two storm permits that require consolidation share the 952m3 storage. · Could you also confirm the discharge point for BP0270902 is correct. Our mapping system suggests it coudl be SS 96393 67762 (see other tab) | L64: Type 3 | M64: 45400 | N64: 45429 | P64: Closed | T64: PSKPM emailed separately. • The storm storage only relates to permit 902 • Agreed SS 96393 67762 is the discharge point for the emergency outfall. | U64: 20/05/2024
A65: NRW | B65: MON3/4 | C65: Manorbier SPS | D65: n/a | E65: BP0266601 | F65: PAN-023217 | G65: Dulson | H65: N | I65: N | J65: N | K65: · Please could you confirm the sceen size - submitted is 10mm bar howeverprevious permit (2023) gives 6x6mm. · I have added a map on the other tab, could you confirm the Settled Storm to Environment EDM Monitoring Point - the permit issued in 2023, specifically to add the EDM monitor, gives a very different location to the submitted NGR. Please could you confirm which is correct, or whether these are actually two seperate permits. | L65: Type 2 | M65: 45401 | N65: 45432 | P65: Closed | T65: It should be as per the original permit, storm at 6mm, EO at 10mm. submitted NGR is correct | U65: 45327
A66: NRW | B66: Q scheme / UMON3/4 | C66: Dyserth WwTW | D66: CM0035901 | E66: CM0035902 | F66: PAN-018472 | G66: Helen | H66: Y | I66: N | J66: N | K66: Query regarding UV monitoring NGRs sent via email | L66: Type 2 | M66: 45408 | N66: 45436 | P66: Closed | Q66: N | T66: Mat replied via email on 24th May. Can this now be closed? | V66: I think this should be able to be closed but I'm just awaiting confirmation from a colleague, that we have all of the information we need for the UV part of the permit. HJ 20/06/2024
A67: NRW | B67: MON3/4 | C67: Bontddu WwTW | D67: CG0139001 | E67: CG0139002 | F67: PAN-021132 | G67: Dulson | H67: N | I67: N | J67: N | K67: We currently have two variations in for this site. Please could you confirm which NGRs to use (see other tab) thank you. | L67: Type 1 | M67: 45440 | N67: 45454 | P67: Closed | T67: Please use the AMP 7 UMON NGR's
A68: NRW | B68: MON3/4 | C68: Llanybydder SPS | D68: Not Required | E68: BJ0091402 | F68: PAN-021522 | G68: Dulson | H68: N | I68: Y | J68: N | K68: Please could you provide the UMON 3 (EDM to storm tank) NGR - the submission states the NGR is not required however there is 63m3 of storage. | L68: Type 1 | M68: 45441 | N68: 45455 | P68: Closed | T68: storage is online, so only EDM to environment. | U68: 18/6/24
A69: NRW | B69: MON3/4 | C69: Morfa Bychan WwTW | D69: CG0122001 | E69: CG0448201 | F69: PAN-021552 | G69: Dulson | H69: N | K69: Please could could you provide the EDM to storm tank monitoring point NGR (UMON3) as this was missing from the submission. | L69: Type 1 | M69: 45443 | N69: 45457 | P69: Closed | T69: – there isn’t a storm tank at Morfa Bychan, only an ‘emergency tank’, EDM to environment only, | U69: 14/6/24
A70: NRW | B70: MON3/4 | C70: Pontneddfechan WwTW | D70: BA2014001 | E70: BP0322901 | F70: PAN-021381 | G70: Dulson | H70: N | K70: The discharge point NGRS appear a little out - are you happy for me to use SN 90332 07478 (FE) and SN 90352 07504 (storm) - image on other tab. The FE sample point was also submitted as at the discharge point - do you have a sample point on site? | L70: Type 1 | M70: 45450 | N70: 45464 | P70: Closed | T70: Suggested discharge points are correct. The sample point is just outside of our boundary fence and is where the map above indicates FE discharge so I would that one for the sample point. | U70: 18/6/24
A71: NRW | B71: MON3/4 | C71: Llanfaelog SPS | D71: Not Required | E71: CG0187601 | F71: PAN-021600 | G71: Dulson | H71: N | K71: I forgot to ask in in the previous RFI - A UMON3 NGR was submitted however the previous permit states no storage - can I just confirm this is correct. | L71: Type 1 | M71: 45460 | N71: 45474 | P71: Closed | T71: Yes, confirmed no storage | U71: 24/6/24
A72: NRW | B72: MON3/4 | C72: Henllan (Denbigh) WwTW | D72: CM0107601 | E72: NPSWQD011014 | F72: PAN-021143 | G72: Dulson | H72: N | K72: From the GIS layer it looks like the FE discharges at the same location as the storm (SJ 01917 68584) is this correct? See screen shot on other tab. The FE sample point was also the same as the submitted FE discharge point, could you provide an updated NGR please. A UMON3 NGR was provided in the submission, however there doesnt appear to be storage at this site - is that correct? | L72: Type 1 | M72: 45460 | N72: 45474 | P72: Closed | T72: GIS is correct. The FE and Storm discharge from the same point. There is no Storm Storage on site. Just an EO in the Inlet Well. Email also sent for this one. | U72: 24/6/24
A73: NRW | B73: NEP | C73: St Nicholas (nr Bolvilston) | D73: AG0013201 | F73: PAN-025340 | G73: Dulson | H73: N | K73: Email to Laura/Mat to confirm withdrawal - no NEP improvement needed. Email sent 23/10/2024 - still no reply so will add to here. | L73: Type 4 | M73: 45638 | N73: 45672 | P73: Closed | T73: Awaiting further decisions within DCWW, cannot withdraw yet | U73: 45931 | V73: This has now been sorted with Mat Griffiths - will close.
A74: NRW | B74: MON3/4 | C74: Laugharne WwTW | D74: BH0060005 | E74: BP0270701 | F74: PAN-021500 | G74: Dulson | H74: N | K74: Could you please provide the UV Irradiation Channel Monitoring Point/s NGR/s. Could you confirm the discharge points for the FE and storm both look as if they discharge from the same pipe (see other tab). Could you also double check the screen size for the storm permit - the previous two permits have an oddly sized 7mm screen, submitted was 6x6mm. | L74: Type 2 | M74: 45447 | N74: 45475 | P74: Closed | T74: Please use pre and post monitoring points. And FE discharge point for both. 7mm screen please, will ensure that is confirmed at OR. | U74: 30/07/24
A75: NRW | B75: UMON 3/4 & RoP | C75: Bronaber WwTW | D75: CG0086701 | E75: CG0086702 | F75: PAN-020330 | G75: Dulson | H75: N | K75: Could you confirm the discharge points for the FE and storm - the GIS layer suggests they discharge from the same pipe at SH 70406 31422 (see other tab) rather than two different outfalls as submitted. Thank you. | L75: Type 1 | M75: 45461 | N75: 45475 | P75: Closed | T75: agree with your suggested FE and storm discharge points. | U75: 45389
A76: NRW | B76: MON3/4 | C76: Llanbedr WwTW | D76: CG0093701 | E76: CG0430001 | F76: PAN-021511 | G76: Dulson | H76: N | K76: The previous permit contains condition for membrane filters, which I assume have been replaced with UV treatment. Could you provide me with the type of treatment (measured applied, applied or received). Could you also provide the UV Irradiation Channel Monitoring Point/s' NGR/s, and if measured applied, the UV Irradiation Plant Inlet Monitoring Point NGR. | L76: Type 2 | M76: 45447 | N76: 45475 | P76: Closed | T76: • | U76: Yes the combined with Cynon aspect of the permit is still required please find the reasoning from the Science Team:
A77: NRW | B77: MON3/4 | C77: Fairbourne WwTW | D77: CG0138301 | E77: CG0413701 | F77: PAN-021691 | G77: Dulson | H77: N | K77: The previous permit contains condition for membrane filters, which I assume have been replaced with UV treatment. Could you provide me with the type of treatment (measured applied, applied or received). Could you also provide the UV Irradiation Channel Monitoring Point/s' NGR/s, and if measured applied, the UV Irradiation Plant Inlet Monitoring Point NGR. | L77: Type 2 | M77: 45447 | N77: 45475 | P77: Closed | T77: • | U77: ‘In any operational scenario where final effluent compliance from Cynon Wastewater Treatment Works (WwTW) is deemed to be at risk of non-compliance, all flows shall be directed from the Cynon WwTW final effluent sump to Cilfynydd WwTW. This effluent will be discharged upstream of the secondary biological treatment stage at Cilfynydd WwTW to ensure all effluent has undergone sufficient additional biological treatment before final discharge at Cilfynydd Final Effluent Discharge Point.
A78: NRW | B78: MON3/4 | C78: Llwyngwril SPS | D78: Not Required | E78: CG0463401 | F78: PAN-021525 | G78: Dulson | H78: N | I78: N | J78: N | K78: Apologies, in my last RFI I forgot to request the PSKPM for this site as it wasn’t included in the submission. | L78: Type 3 | M78: 45449 | N78: 45477 | P78: Closed | T78: James will go through this with Ops, and provide asap | U78: 45574
A79: NRW | B79: MON3/4 | C79: Corris Isaf WwTW | D79: CG0061701 | E79: CG0061901 | F79: PAN-014993 | G79: Dulson | H79: N | K79: Sorry I have a little list of NGR checks. Please could you provide the NGR for the storm and final effluent discharge points, provided in the submissions are both on the site (UMON gave: SH 75560 07410, EDM submission gave: SH 75568 07447). I also have two different NGRS for the storm sample point - SH 75538 07435 (EDM submission) and SH 75560 07410 (UMON submission), and then the storm to environment EDM: SH 75552 07449 (EDM submission) and SH 75547 070450 (UMON submission). | L79: Type 1 | M79: 45467 | N79: 45481 | P79: Closed | T79: Please use the EDM NGR's. | U79: 26/7/24
A80: NRW | B80: MON3/4 | C80: Afonwen WwTW | D80: Not Required | E80: CG0433901 | F80: PAN-021599 | G80: Dulson | H80: N | I80: Y | J80: N | K80: Should this permit be consolidated with the final effluent permit (CG0138601) for the site? The submisson stated no consolidation, however NGRs for the FE discharge/sampling point etc have been provided. | L80: Type 1 | M80: 45467 | N80: 45481 | P80: Closed | T80: Yes please, that's what we thought we had applied for. | U80: 24/6/24
A81: NRW | B81: MON3/4 | C81: Beaumaris WwTW | D81: CG0342901 | E81: CG0342902 | F81: PAN-019278 | G81: Dulson | H81: N | K81: This site was submitted twice - could you confirm which NGRs to use for Settled Storm to Environment EDM Monitoring Point: SH 60865 77307 (batch 1) or SH 60855 77306 (batch 2), and EDM to Storm Tank Monitoring Point: SH 60830 77326 (batch 1) or SH 60834 77334 (batch 2). Thank you. | L81: Type 1 | M81: 45467 | N81: 45481 | P81: Closed | T81: Please use the batch 2 NGRs | U81: 24/6/24
A82: NRW | B82: MON3/4 | C82: Cilfynydd WwTW | D82: AG0004501 | E82: AG0004601 | F82: PAN-019279 | G82: Dulson | H82: N | K82: RFI (02/12/2022) confirmed consolidation with AG0004501 (I don't have submitted NGRs for this site, I have used the 2006 full permit, so if anything has changed from those, let me know). This FE permit has a double section for volume one for Cilfnydd only and one combined with Cynon (see other tab). I just wanted to check this is still necessary, as the permit is from 2006. If it is, could you provide me with a little background such as why the combined flow? are there extra meters for anything? - Trying to work out how to represent this in a modern EPR permit. | L82: Type 3 | M82: 45457 | N82: 45485 | P82: Closed | T82: • Please place 2006 NGRs and we can let you know in Operator Review of any updates • Yes the combined with Cynon aspect of the permit is still required please find the reasoning from the Science Team: • ‘In any operational scenario where final effluent compliance from Cynon Wastewater Treatment Works (WwTW) is deemed to be at risk of non-compliance, all flows shall be directed from the Cynon WwTW final effluent sump to Cilfynydd WwTW. This effluent will be discharged upstream of the secondary biological treatment stage at Cilfynydd WwTW to ensure all effluent has undergone sufficient additional biological treatment before final discharge at Cilfynydd Final Effluent Discharge Point. Site plan of pumped flow sent. • There is a meter that pumps over this combined flow to Cilfynydd WwTW, does this require MCERTS as its not part of the MON3/4 requirement? Would reference of this meter be needed in this permit if it is placed at Cynon WwTW? Let me know and I can get this information for you. | U82: 45511
A83: NRW | B83: UMON 3/4 & RoP | C83: Newbridge on Wye WwTW | D83: AW1004401 | E83: EPRAB3497FZ | F83: PAN-021444 | G83: Dulson | H83: N | K83: The FE permit was recently issued under the RoP project with the final effluent dicharge point being SO 01460 58122 - the UMON submission gives the storm discharge point as SO 01470 58120. Do the storm and final effluent discharge out the same pipe? Is the GIS suggested SO 01465 58115 correct? See other tab for map. Thanks | L83: Type 1 | M83: 45474 | N83: 45488 | P83: Closed | T83: Please use suggested discharge point | U83: 45391
A84: NRW | B84: UMON 3/4 & RoP | C84: Cynwyd WwTW | D84: CM0149301 | E84: CM0149302 | F84: PAN-021457 | G84: Dulson | H84: N | I84: Y | K84: The FE permit was recently issued under the RoP project with the final effluent dicharge point being SJ 05280 411304 - the UMON submission gives the storm discharge point as SJ 05265 41089. Do the storm and final effluent discharge out the same pipe? Is the GIS suggested SJ 05261 41079 correct? See other tab for map. Thanks | L84: Type 1 | M84: 45474 | N84: 45488 | P84: Closed | T84: Please use suggested discharge point | U84: 45391
A85: NRW | B85: UMON 3/4 & RoP | C85: Beulah WwTW | D85: BN0015801 | E85: BP0361401 | F85: PAN-020323 | G85: Dulson | H85: N | K85: The FE permit was recently issued under the RoP project with the final effluent dicharge point being SN 29262 46224 - the UMON submission gives the storm discharge point as SN 29255 46224. Do the storm and final effluent discharge out the same pipe? Is the GIS suggested SN 29252 46226 correct? See other tab for map. Thanks | L85: Type 1 | M85: 45474 | N85: 45488 | P85: Closed | T85: Please use suggested discharge point | U85: 45391
A86: NRW | B86: MON3/4 | C86: Penisarwaun WwTW | D86: CG0134101 | E86: CG0134102 | F86: PAN-021347 | G86: Dulson | H86: N | K86: Could you confirm the discharge NGRs please - I cant work out from the GIS layer whether one if for storm and one is for FE as they're both marked as treated eff pipework (see other tab) | L86: Type 1 | M86: 45483 | N86: 45497 | P86: Closed | T86: There is one discharge for both - SH 54976 63514 | U86: 45574
A87: NRW | B87: MON3/4 | C87: St. Fagans WwTW | D87: AG0008501 | E87: EPRAB3599CV | F87: PAN-021506 | G87: Dulson | H87: N | K87: The submitted final and storm discharge points are 54m upstream of the GIS layer location. Could you confirm the NGR suggested: ST 12321 77090 is correct. Thanks. | L87: Type 1 | M87: 45477 | N87: 45491 | P87: Closed | T87: happy with the suggested NGR | U87: 30/07/2024
A88: NRW | B88: Old EDM & MON3/4 | C88: Solva SPS | D88: Not Required | E88: BP0111701 | F88: PAN-009481 | G88: Dulson | H88: N | K88: Email sent to Kate and Mat 24/06/2024 - BP0111701 Solva SPS - I think you have sent a PSKPM as I saw an email from Helen thanking Mat for one, but I can’t find it – could you resend it please? I can also see Mat confirmed it is 10mm bar screening, but I cannot find confirmation of the weir or storage, the UMON 3/4 submission just has TBC for each of these. | L88: Type 2 | M88: 45467 | N88: 45495 | P88: Closed | T88: weir 19 l/s, no storage | U88: 45503
A89: NRW | B89: MON3/4 | C89: Malltraeth WwTW | D89: CG0115101 | E89: CG0115102 | F89: PAN-021125 | G89: Dulson | H89: N | K89: I just want to double check the FE and storm discharge point - the GIS layer suggests it is 25m upstream from the submitted NGR (see other tab). Is this correct? | L89: Type 1 | M89: 45482 | N89: 45496 | P89: Closed | T89: This has been closed - have notes gone missing on here? | U89: 15/8/24
A90: NRW | B90: MON3/4 | C90: Cosheston WwTW | D90: BG0046401 | E90: BG0046402 | F90: PAN-021281 | G90: Dulson | H90: N | K90: Do the FE and storm discharge out the same pipe? Suggested NGR: SN 00149 03414 (see other tab) | L90: Type 1 | M90: 45497 | N90: 45511 | P90: Closed | T90: Please use suggested discharge point | U90: 45391
A91: NRW | B91: MON3/4 | C91: Llannant WwTW | D91: BC0018601 | E91: BP0341501 | F91: PAN-021282 | G91: Dulson | H91: N | K91: As this is measured applied UV - please could you provide the 'UV Irradiation Plant Inlet Monitoring Point' and 'UV Irradiation Channel Monitoring Point' that are not in the previous permit. | L91: Type 1 | M91: 45497 | N91: 45511 | P91: Closed | T91: Inlet monitoring SS57545 99877. Irradiation channel monitoring SS 57460 99832 | U91: 45421
A92: NRW | B92: MON3/4 | C92: Narberth WwTW | D92: BP0215901 | E92: BP0219601 | F92: PAN-021554 | G92: Dulson | H92: N | K92: · Submitted FE discharge point is 2.4 miles away (SN 06440 14710) - GIS layer doesn’t show a FE from the works please could you provide it. · The submitted storm discharge point has moved downstream since the 2020 permit is this correct? (see other tab) · The permit doesnt current have UWW limits, however you provided UWW Inlet and outlet sample points so I will add BOD and COD UWWTR limits as the PE is now over 2,000. | L92: Type 1 | M92: 45489 | N92: 45503 | P92: Closed | T92: Can confirm this is the discharge point, our GIS doesn’t give the route of the discharge pipe. Discharge pipe runs from FE Sample Point to discharge point. Submitted storm discharge is correct. Agreed re UWWTR limits | U92: 15/8/24
A93: NRW | B93: MON3/4 | C93: Capel Curig WwTW | D93: CG0043601 | E93: CG0074201 | F93: PAN-021435 | G93: Dulson | H93: N | K93: Please could you confirm if there is storage at this site. The improvement form states no, but the sumission gives an EDM to storm tank NGR. | L93: Type 1 | M93: 45500 | N93: 45511 | P93: Closed | T93: There is storm storage on this, we are just waiting for the volume to be confirmed. (should be by 13/9/24) 25.3m3 | U93: 20/9/24
A94: NRW | B94: MON3/4 | C94: Chwilog WwTW | D94: CG0012201 | E94: EPRAB3496ZG | F94: PAN-021276 | G94: Dulson | H94: N | K94: The two discharge NGRS are in a similar place do they both discharge out the same pipe. No outfall on the GIS layer for this site. | L94: Type 1 | M94: 45497 | N94: 45511 | P94: Closed | T94: yes, discharge at same point. Please see email for further detail | U94: 45421
A95: NRW | B95: MON3/4 | C95: Nefyn WwTW Inlet PS | D95: Not Required | E95: CG0427101 | F95: PAN-021558 | G95: Dulson | H95: N | K95: Email sent 09/08/2024 for FE permit information | L95: Type 1 | M95: 45513 | N95: 45527 | P95: Closed | T95: Email responded to today | U95: 23/9/24
A96: NRW | B96: MON3/4 | C96: Pembroke Dock WwTW | D96: BP0250801 | E96: BP0250802 | F96: PAN-021345 | G96: Dulson | H96: N | K96: Please could you provide the UMON 3 NGR (EDM to storm tank) please. Submission and previous permit gives 2973m3 of storage but no NGR was given. Unless the storage is online. | L96: Type 1 | M96: 45517 | N96: 45532 | P96: Closed | T96: Storage is online | U96: 23/9/24
A97: NRW | B97: MON3/4 | C97: Peterston Super Ely WwTW | D97: AG0011401 | E97: AN0355001 | F97: PAN-021373 | G97: Dulson | H97: N | K97: Could you confirm if this site has storm storage please - the previous storm permit does not, however a EDM to storm tank NGR was submitted. | L97: Type 1 | M97: 45499 | N97: 45513 | P97: Closed | T97: No storm storage | U97: 45512
A98: NRW | B98: MON3/4 | C98: Trefriw WwTW | D98: CG0084201 | E98: CG0084101 | F98: PAN-021588 | G98: Dulson | H98: N | K98: · Please could you provide a PSKPM for the storm permit (CG0084101). · The submitted FE and storm discharge NGR appear incorrect - please could you confirm the previous FE and storm permits NGR is correct (see other tab). | L98: Type 1 | M98: 45517 | N98: 45532 | P98: Closed | T98: Email sent from James 22/10/24 | U98: 23/10/24
A99: NRW | B99: MON3/4 | C99: Hermon WwTW | D99: BG0018701 | E99: BP0210101 | F99: PAN-021337 | G99: Dulson | H99: N | K99: This site has storage however no EDM to storm tank NGR has been provided in the submission. Please coudl you provide this. | L99: Type 1 | M99: 45520 | N99: 45537 | P99: Closed | T99: no storage | U99: 20/9/24
A100: NRW | B100: MON3/4 | C100: Crymych WwTW | D100: BP0044401 | E100: BP0044401 | F100: PAN-021443 | G100: Dulson | H100: N | K100: Please could you confirm the submitted final effluent discharge point is correct. Just want to check as there is a 31.4 meter difference between the submitted and GIS suggested (see other tab). Could you also provide the final eff sample point as the submitted is 1km from the site (SN 19325 34790) and the storm sample point is at the discharge point - is there a sample point on site? Thanks | L100: Type 1 | M100: 45520 | N100: 45537 | P100: Closed | T100: FE discharge point is SN 18351 34814. FE sample point SN 18325 34790. Storm sample point same as existing | U100: 45574
...

Sheet Llanarmon
A1: Existing Site Plan | O1: Submitted site plan | AB1: Submitted and current NGRs
AC2: Submitted | AD2: Current permit
AB3: Final Effluent Discharge Point | AC3: SJ1902255938 | AD3: SJ 19019 55938
AB4: [Settled] Storm Discharge Point | AC4: SJ1902255938 | AD4: SJ 19019 55938
AB5: EO Discharge Point | AC5: SJ1899955912 | AD5: SJ 19019 55938
AB6: UWWTR Inlet Sample Point | AC6: SJ1899955912 | AD6: N/A
AB7: UWWTR Sample Point | AC7: Not Required | AD7: N/A
AB8: Final Effluent Sample Point | AC8: Not Required | AD8: SJ 19009 55936
AB9: MCERTS Flow Monitoring Point | AC9: Not Required | AD9: SJ 19010 55941
AB10: [Settled] Storm Sample Point | AC10: SJ1900755930 | AD10: SJ 19009 55936
AB11: [Settled] Storm to Environment EDM Monitoring Point | AC11: SJ1898055905 | AD11: SJ 19007 55938
AB12: (UMON 4) MCERTS FPF Monitoring Point | AC12: SJ1898455915
AB13: (UMON3) EDM to Storm Tank Monitoring Point | AC13: SJ1898355913
AB14: UV Monitoring Point (Pre-treatment) | AC14: SJ1902055938

Sheet Bodelwyddan
A1: From application for in 2003 when large-scale refurbishment was carried out and the WwTW in Bodelwyddan was decommisioned, with flows both gravitating and being pumped on to Rhyddlan WwTW

Sheet Ferryside
Q15: d

Sheet Tal-y-Bont
B2: Submitted site plan | I2: 2009 consent

Sheet Cemaes
A1: Current permit
Z2: On the other side of the road from the "flower bed". Presumably the cabinet for the PS.
A20: Submitted site plan

Sheet Trevine
W3: SM 834 324 and SM 8343 3243 are from previous / current versions of permit
W5: FE discharge pipe in lime green
W7: Box shows submitted NGR
W9: Green dot with black outline shows discharge point according to GIS

Sheet AMP8 (DO NOT USE YET)
A1: Core information | I1: Financial | K1: NRW RFI/ Schedule 5 request | Y1: Financial | Z1: DCWW Response | AC1: Legal
A2: New or AMP8 | B2: Driver & Batch number | C2: Site Name | D2: FE Permit Number | E2: Storm Permit Number | F2: Submitted/ paid for date | G2: PAN # | H2: Allocated to | I2: Initial fee | J2: Duly Made Y/N | K2: Is further information required Y/N. | L2: Is the request related to the specific driver Y/N | M2: Is this Request for information part of a formal Reg61? Y/N | N2: What is the Request (limit to 100 words) | O2: Type of Request | P2: Date further info requested | Q2: Deadline for further information | R2: Does information meet NRW requirements Y/N | S2: Duly Made Decision Date | T2: Request Status | U2: Any further permit conditions to be reviewed by NRW Y/N | V2: If Yes what conditions were reviewed | W2: Is further information required for these | X2: Further asssessment, HRA, WFD | Y2: Futher Assessment fee | Z2: DCWW Comment | AA2: Date of DCWW Comment | AB2: NRW Response to RFI comment | AC2: Schedule 5 date sent. | AD2: Schedule 5 response | AE2: 10% fee retained | AF2: 100% fee retained
AH3: Which columns to lock ?

Sheet Finance AMP8
A1: Workstream Project code | B1: Amount of applications | C1: PAN Number | D1: Date payment taken ( received) | E1: Permit Fee | F1: Total payment for batch | G1: Total Received | H1: Total left to pay | I1: MyNRW Ref (s) | J1: HRA Fee | K1: Total Permit fee | L1: Running total ( annual fee) | M1: Subtraction | N1: 10 % retention | O1: 100% retention | P1: Refund total | T1: DCWW 2025 funds
A2: EXAMPLE- UMON 100 | B2: 10 | C2: ='AMP8 (DO NOT USE YET)'!G3 -> 0 | D2: ='AMP8 (DO NOT USE YET)'!F3 -> 0 | E2: 912 | F2: =E2*B2 -> 9120 | G2: 9120 | H2: 0 | I2: XYZ | J2: ='AMP8 (DO NOT USE YET)'!Y3 -> 0 | K2: =E2+J2 -> 912 | L2: =E2+J2 -> 912 | M2: =900000-K2-N2-J2-E2 -> 898176 | N2: ='AMP8 (DO NOT USE YET)'!AE3 -> 0 | O2: ='AMP8 (DO NOT USE YET)'!AF3 -> 0 | T2: 900000 | V2: which colums to lock?
C3: ='AMP8 (DO NOT USE YET)'!G4 -> 0 | N3: 91.2
C4: ='AMP8 (DO NOT USE YET)'!G5 -> 0 | O4: 912
A5: EXAMPLE umon 200 | B5: 1 | C5: ='AMP8 (DO NOT USE YET)'!G6 -> 0 | E5: 560 | J5: REFUND | M5: -91.2 | O5: -91.2
C6: ='AMP8 (DO NOT USE YET)'!G7 -> 0
C7: ='AMP8 (DO NOT USE YET)'!G8 -> 0
C8: ='AMP8 (DO NOT USE YET)'!G9 -> 0
C9: ='AMP8 (DO NOT USE YET)'!G10 -> 0
C10: ='AMP8 (DO NOT USE YET)'!G11 -> 0
C11: ='AMP8 (DO NOT USE YET)'!G12 -> 0
C12: ='AMP8 (DO NOT USE YET)'!G13 -> 0
C13: ='AMP8 (DO NOT USE YET)'!G14 -> 0
C14: ='AMP8 (DO NOT USE YET)'!G15 -> 0
C15: ='AMP8 (DO NOT USE YET)'!G16 -> 0
C16: ='AMP8 (DO NOT USE YET)'!G17 -> 0
C17: ='AMP8 (DO NOT USE YET)'!G18 -> 0
... C1000: ='AMP8 (DO NOT USE YET)'!G1001 -> 0
